 Dungeon Crawl Stone Soup version bcrawl-1.24.2 (webtiles) character file.

Game seed: 2382847001552700006

7742 Badchanges the Grappler (level 11, -3/111 HPs)
             Began as a Troll Martial Artist on June 25, 2020.
             Was a High Priest of Wu Jian.
             Slain by an eight-headed hydra (4 damage)
             ... on level 2 of the Lair of Beasts.
             The game lasted 00:40:40 (7875 turns).

Badchanges the Grappler (Troll Martial Artist)      Turns: 7875, Time: 00:40:40

Health: -3/111     AC:  9    Str: 25    XL:     11   Next: 0%
Magic:  12/13      EV: 24    Int:  6    God:    Wu Jian [*****.]
Gold:   676        SH:  0    Dex: 17    Spells: 13/14 levels left

rFire    . . .     SeeInvis .     - Claws (34.4)
rCold    . . .     Gourm    +   (no shield)
rNeg     + . .     Faith    .   (armour unavailable)
rPois    .         Spirit   .   (helmet restricted)
rElec    .         Reflect  .   (no cloak)
rCorr    .         Harm     .   (gloves unavailable)
MR       .....                  (boots unavailable)
Stlth    +++.......             (no amulet)
HPRegen  0.68/turn              j - +6 ring of evasion
MPRegen  0.13/turn              r - ring of positive energy (curse)

@: agile
A: large, almost no armour, unfitting armour, claws 3, fast metabolism 3,
gourmand, regeneration 1, AC +9
a: Wall Jump, Serpent's Lash, Heavenly Storm, Renounce Religion


You were on level 2 of the Lair of Beasts.
You worshipped Wu Jian.
Wu Jian was extremely pleased with you.
You were very full.

You visited 2 branches of the dungeon, and saw 10 of its levels.

You collected 676 gold pieces.

Inventory:

Hand Weapons
 u - a +0 blowgun
Missiles
 b - a throwing net {=f}
 i - 122 poisoned needles
Jewellery
 j - a +6 ring of evasion (left claw)
 r - a cursed ring of positive energy (right claw)
 y - an uncursed amulet of the gourmand {unknown}
 E - an uncursed ring of positive energy
Wands
 t - a wand of digging (12)
 x - a wand of flame (19)
Scrolls
 d - 5 scrolls of remove curse
 g - a scroll of amnesia
 h - 2 scrolls of blinking
 k - 2 scrolls of magic mapping {unknown}
 m - 2 scrolls of identify {unknown}
 n - 2 scrolls of fog
 o - a scroll of immolation {unknown}
 s - a scroll of noise {unknown}
 v - a scroll of fear {unknown}
 w - a scroll of enchant weapon {unknown}
 C - 2 scrolls of teleportation {unknown}
 D - a scroll of enchant armour {unknown}
Potions
 c - 3 potions of curing
 f - 3 potions of brilliance {unknown}
 l - 3 potions of heal wounds {unknown}
 p - a potion of lignification {unknown}
 q - a potion of degeneration {unknown}
 z - a potion of flight {unknown}
 A - a potion of invisibility {unknown}
Comestibles
 e - 15 rations {!d}


   Skills:
 + Level 8.1 Fighting
 - Level 5.0 Dodging
 - Level 0.4 Stealth
 + Level 12.5 Unarmed Combat
 - Level 2.0 Spellcasting
 - Level 5.0 Hexes


You had 13 spell levels left.
You knew the following spells:

 Your Spells              Type           Power        Failure   Level  Hunger
a - Confusing Touch       Hex            #.......     5%          1    ##.....
Your spell library was empty.

Dungeon Overview and Level Annotations

Branches:
Dungeon (8/12)             Temple (0/1) D:6            Lair (2/6) D:7
  Swamp: Lair:2-4    Shoals: Lair:2-4     Snake: Lair:2-4    Spider: Lair:2-4
    Orc: D:8-11

Altars:
Ru
Trog

Shops:
D:4 :   D:5 }

Annotations:
D:7 exclusion: downstairs
D:8 Harold


Innate Abilities, Weirdness & Mutations

You cannot wear most types of armour.
Your thick skin is tough. (AC +9)
You are too large for most types of armour.
You have claws for hands.
Your metabolism is lightning-fast.
You like to eat raw meat.
Your natural rate of healing is unusually fast.


Message History

You scratch the crocodile but do no damage.
The crocodile is severely wounded.
The eight-headed hydra completely misses you.
The eight-headed hydra barely misses you.
The eight-headed hydra misses you.
The eight-headed hydra closely misses you. x2
The eight-headed hydra bites you!
* * * LOW HITPOINT WARNING * * *
The eight-headed hydra bites you.
* * * LOW HITPOINT WARNING * * *
The eight-headed hydra bites you.
* * * LOW HITPOINT WARNING * * *
You scratch the crocodile.
The crocodile is severely wounded.
The crocodile completely misses you. The eight-headed hydra bites you.
* * * LOW HITPOINT WARNING * * *
The eight-headed hydra bites you.
* * * LOW HITPOINT WARNING * * *
The eight-headed hydra misses you. The eight-headed hydra bites you.
You die...

...... ...... ..... ......# .....
>...... ..... ........ ...D.
......... ..... ......P...##
###..... .......####.## #.......
...........#@##.#######......
...............t#D...............
.......#............###..........
..................####.####......
...................# ### ##.....
.................#.# .....
...............##### .....
...............#### #....
...........##.....# ....


You could see an eight-headed hydra and a crocodile.

Vanquished Creatures
  4 cane toads
  3 komodo dragons
  2 trolls
  2 hippogriffs
  5 blink frogs (Lair:1)
  A yak (D:5)
  A water moccasin (Lair:1)
  3 porcupines
  2 crocodiles (Lair:1)
  3 ice beasts
  An orc warrior (D:8)
  2 ogres
  A sky beast (D:7)
  6 wolves
  A phantom (D:7)
  10 bullfrogs
  A big kobold (D:6)
  A water moccasin zombie (D:6)
  3 killer bees (D:7)
  4 wights (D:7)
  2 howler monkeys (D:5)
  2 bullfrog zombies
  2 crimson imps
  3 hounds
  3 orc priests
  2 jellies
  A centaur skeleton (D:4)
  An iguana (D:7)
  3 orc wizards
  6 worker ants
  A hound zombie (D:7)
  A hound skeleton (D:6)
  6 gnolls
  A howler monkey skeleton (D:7)
  4 adders
  2 shadow imps (D:8)
  2 oozes
  2 adder zombies
  An adder skeleton (D:4)
  3 worms
  5 dart slugs
  5 leopard geckos
  17 orcs
  2 bats
  A giant cockroach (D:3)
  5 goblins
  8 hobgoblins
  3 jackals
  11 kobolds
  7 quokkas
  3 ball pythons
  7 frilled lizards
  9 rats
187 creatures vanquished.

Vanquished Creatures (others)
  A fungus (Lair:1)
  A plant (Lair:1)
2 creatures vanquished.

Grand Total: 189 creatures vanquished

Notes
Turn   | Place    | Note
-------+----------+-------------------------------------------
     0 | D:1      | Badchanges the Troll Martial Artist began the quest for the
                  | Orb.
     0 | D:1      | Reached XP level 1. HP: 22/22 MP: 1/1
  1631 | D:1      | Reached XP level 2. HP: 29/29 MP: 2/2
  2049 | D:2      | Reached XP level 3. HP: 27/36 MP: 4/4
  2433 | D:2      | Gained mutation: Your natural rate of healing is unusually
                  | fast. [Troll growth]
  2433 | D:2      | Reached XP level 4. HP: 44/44 MP: 5/5
  2584 | D:2      | Reached ** piety under Wu Jian
  2658 | D:2      | Found a bloodstained altar of Trog.
  3056 | D:3      | Noticed an ogre
  3151 | D:3      | Reached XP level 5. HP: 41/53 MP: 5/7
  3291 | D:3      | Reached skill level 5 in Unarmed Combat
  3410 | D:3      | Reached *** piety under Wu Jian
  3647 | D:4      | Reached XP level 6. HP: 61/61 MP: 8/8
  3684 | D:4      | Reached skill level 6 in Unarmed Combat
  3900 | D:4      | Noticed a troll
  4057 | D:5      | Entered Level 5 of the Dungeon
  4148 | D:5      | Reached XP level 7. HP: 51/68 MP: 9/9
  4229 | D:5      | Noticed a yak
  4239 | D:5      | Killed a yak
  4239 | D:5      | Reached skill level 7 in Unarmed Combat
  4536 | D:5      | Found Wesmooc's Gadget Shop.
  4822 | D:6      | Reached skill level 5 in Fighting
  4822 | D:6      | Reached XP level 8. HP: 76/80 MP: 8/10
  4826 | D:6      | Reached skill level 8 in Unarmed Combat
  4925 | D:6      | Reached **** piety under Wu Jian
  5075 | D:6      | Found a staircase to the Ecumenical Temple.
  5285 | D:6      | Found a sacrificial altar of Ru.
  5396 | D:4      | Found Weaph's Book Shoppe.
  5569 | D:4      | Killed a troll
  5569 | D:4      | Reached skill level 9 in Unarmed Combat
  5906 | D:7      | Found a staircase to the Lair.
  6053 | D:7      | Reached XP level 9. HP: 72/88 MP: 11/11
  6114 | D:7      | Reached skill level 5 in Dodging
  6224 | D:7      | Reached skill level 10 in Unarmed Combat
  6626 | D:7      | Reached ***** piety under Wu Jian
  6661 | D:7      | Noticed a troll
  6671 | D:7      | Killed a troll
  6797 | D:8      | Noticed Harold
  6909 | Lair:1   | Entered Level 1 of the Lair of Beasts
  6909 | Lair:1   | Noticed a cane toad
  6930 | D:7      | Killed a cane toad
  6993 | Lair:1   | Reached skill level 11 in Unarmed Combat
  6993 | Lair:1   | Reached XP level 10. HP: 99/102 MP: 12/12
  7007 | Lair:1   | Noticed a cane toad
  7017 | Lair:1   | Killed a cane toad
  7175 | Lair:1   | Noticed a cane toad
  7183 | Lair:1   | Killed a cane toad
  7270 | Lair:1   | Noticed a cane toad
  7272 | Lair:1   | Killed a cane toad
  7518 | Lair:1   | Reached skill level 5 in Hexes
  7571 | Lair:1   | Reached skill level 12 in Unarmed Combat
  7849 | Lair:2   | Noticed a five-headed hydra
  7869 | Lair:2   | Reached XP level 11. HP: 39/111 MP: 11/13
  7875 | Lair:2   | HP: 3/111 [eight-headed hydra (5)]
  7875 | Lair:2   | HP: 1/111 [eight-headed hydra (2)]
  7875 | Lair:2   | Slain by an eight-headed hydra

Skill      XL: |  1  2  3  4  5  6  7  8  9 10 |
---------------+-------------------------------+-----
Hexes          | 2 3 5 |  5.0
Fighting       | 3 5 7 8 |  8.1
Spellcasting   | 2 |  2.0
Unarmed Combat | 5 6 7 9 11 12 | 12.5
Dodging        | 4 5 |  5.0
Stealth        | |  0.4

Action                   |  1- 3 |  4- 6 |  7- 9 | 10-12 || total
-------------------------+-------+-------+-------+-------++-------
Melee: Unarmed           |    53 |   169 |   280 |    83 ||   585
       Punch             |       |     4 |    13 |     3 ||    20
 Cast: Confusing Touch   |       |     2 |    10 |     5 ||    17
Invok: Lunge             |     9 |    18 |    14 |     8 ||    49
       Whirlwind         |       |     1 |     3 |    10 ||    14
  Use: Scroll            |       |       |     4 |       ||     4
       Potion            |       |       |     1 |     1 ||     2
 Stab: Sleeping          |     1 |     4 |     1 |     2 ||     8
       Distracted        |       |     1 |       |       ||     1
       Confused          |       |       |       |     2 ||     2
  Eat: Chunk             |    20 |    11 |    18 |     5 ||    54
Armor: Skin              |    10 |    30 |    44 |     8 ||    92
Dodge: Dodged            |     9 |    73 |   191 |    73 ||   346
